 Dungeon Crawl Stone Soup version 0.22-a0-775-ga7d80019b5 (webtiles) character file.

1962 Mirvelgyr the Cleaver (level 9, -2/118 HPs)
             Began as a Minotaur Berserker on July 18, 2018.
             Was a Priest of Trog.
             Slain by a killer bee (3 damage)
             ... on level 7 of the Dungeon.
             The game lasted 00:08:32 (5482 turns).

Mirvelgyr the Cleaver (Minotaur Berserker)          Turns: 5482, Time: 00:08:32

Health: -2/118     AC: 24    Str: 23    XL:     9   Next: 0%
Magic:  8/8        EV:  2    Int:  4    God:    Trog [***...]
Gold:   248        SH:  0    Dex: 12    Spells: 8/8 levels left

rFire    . . .     SeeInvis .   a - +0 hand axe
rCold    . . .     Gourm    .   (no shield)
rNeg     + + +     Faith    .   (armour currently unavailable)
rPois    +         Spirit   .   (helmet currently unavailable)
rElec    .         Reflect  .   (cloak currently unavailable)
rCorr    .         Harm     .   (gloves currently unavailable)
MR       ++...     NoTele   +   (boots currently unavailable)
Stlth    +.........             (no amulet)
HPRegen  1.29/turn              (no ring)
MPRegen  0.11/turn              (no ring)

@: lethally poisoned (-2 -> -2), tree-form, berserk cooldown, regenerating,
slowed, very slow
A: (retaliatory headbutt)
a: Berserk, Trog's Hand, Renounce Religion


You were on level 7 of the Dungeon.
You worshipped Trog.
Trog was most pleased with you.
You were not hungry.
You were a tree.
You visited 1 branch of the dungeon, and saw 7 of its levels.

You collected 248 gold pieces.

Inventory:

Hand Weapons
 a - a +0 hand axe (weapon)
Armour
 h - a +0 pair of boots (melded)
 q - a +0 chain mail (melded)
Wands
 p - a wand of digging (12)
 t - a wand of flame (20)
 x - a wand of disintegration (12)
Scrolls
 e - 9 scrolls of identify {unknown}
 f - 6 scrolls of remove curse
 i - a scroll of fog {unknown}
 k - a scroll of enchant weapon {unknown}
 o - 2 scrolls of teleportation {unknown}
 s - a scroll of enchant armour {unknown}
 v - a scroll of fear {unknown}
 w - a scroll of amnesia {unknown}
Potions
 b - a potion of flight
 d - a potion of lignification
 g - a potion of might {unknown}
 j - a potion of agility {unknown}
 l - a potion of degeneration {unknown}
 m - 2 potions of heal wounds {unknown}
 n - a potion of cancellation {unknown}
 r - a potion of mutation {unknown}
 z - a potion of curing {unknown}
Comestibles
 c - 9 rations
 u - a chunk of flesh


   Skills:
 + Level 7.2 Fighting
 * Level 9.6 Axes
 + Level 6.7 Armour
 + Level 6.0 Dodging


You had 8 spell levels left.
You didn't know any spells.
Your spell library was empty.

Dungeon Overview and Level Annotations

Branches:
Dungeon (7/15)             Temple (0/1) D:5

Altars:
Dithmenos
Elyvilon
Nemelex Xobeh
Qazlal
Uskayaw
Xom


Innate Abilities, Weirdness & Mutations

((You reflexively headbutt those who attack you in melee.))
((You have a pair of horns on your head.))


Message History

You feel sick.
The killer bee buzzes angrily.
You hear an angry buzzing noise.
You feel sick.
You hit the killer bee.
The killer bee is lightly wounded.
You feel sick.
The killer bee stings you but does no damage. x3
You closely miss the killer bee.
You feel sick. The killer bee completely misses you. The killer bee stings you.
* * * LOW HITPOINT WARNING * * *
You are more poisoned.
The killer bee poisons you!
You completely miss the killer bee.
You feel sick.
The killer bee stings you but does no damage.
The killer bee stings you.
* * * LOW HITPOINT WARNING * * *
You barely miss the killer bee.
You feel sick.
The killer bee stings you but does no damage.
The killer bee stings you.
You die...

.. ...#####.#.# .#
#..........# #.# #.#
##'## .. #.# ##...##
.####.# ##.....##
.#.##.###......)##
......##.......†.####...
.......'.......y.'......
....####........♣# .#.##
##.......## .###
##.....## |# ##...## .#
##+## ..


You could see a killer bee.

Vanquished Creatures
  Grinder (D:3)
  A water moccasin (D:4)
  An ice beast (D:5)
  2 phantoms
  A centaur (D:6)
  5 ogres
  A scorpion (D:4)
  3 killer bees (D:7)
  2 howler monkeys
  A crimson imp (D:6)
  A centaur zombie (D:5)
  A hound (D:5)
  2 orc priests (D:6)
  3 orc wizards
  An iguana (D:6)
  6 worker ants
  2 hound skeletons (D:4)
  12 adders
  An adder skeleton (D:6)
  3 worms
  A dart slug (D:2)
  6 leopard geckos
  13 orcs
  7 bats
  5 giant cockroaches
  4 hobgoblins
  2 jackals (D:2)
  3 kobolds
  4 quokkas
  12 frilled lizards
  5 goblins
  A quokka skeleton (D:2)
  2 rats
115 creatures vanquished.

Notes
Turn   | Place    | Note
-------+----------+-------------------------------------------
     0 | D:1      | Mirvelgyr the Minotaur Berserker began the quest for the Orb.
     0 | D:1      | Reached XP level 1. HP: 19/19 MP: 0/0
   225 | D:1      | Reached XP level 2. HP: 22/27 MP: 1/1
   264 | D:1      | Reached skill level 4 in Axes
   880 | D:2      | Reached XP level 3. HP: 32/33 MP: 2/2
  1168 | D:2      | Reached ** piety under Trog
  1434 | D:2      | Reached XP level 4. HP: 34/40 MP: 3/3
  1537 | D:2      | Found a shimmering altar of Xom.
  2003 | D:3      | Found a stormy altar of Qazlal.
  2003 | D:3      | Found a shadowy altar of Dithmenos.
  2005 | D:3      | Found a white marble altar of Elyvilon.
  2107 | D:3      | Noticed Grinder
  2122 | D:3      | Killed Grinder
  2122 | D:3      | Reached skill level 5 in Axes
  2122 | D:3      | Reached XP level 5. HP: 46/47 MP: 4/4
  2122 | D:3      | Reached XP level 6. HP: 54/55 MP: 5/5
  2202 | D:3      | Found a shadowy altar of Dithmenos.
  2540 | D:4      | Reached skill level 5 in Fighting
  2540 | D:4      | Reached skill level 6 in Axes
  3351 | D:4      | Reached XP level 7. HP: 54/61 MP: 6/6
  3505 | D:4      | Reached skill level 7 in Axes
  3572 | D:4      | Found a hide-covered altar of Uskayaw.
  3711 | D:5      | Entered Level 5 of the Dungeon
  3754 | D:5      | Reached skill level 5 in Armour
  4047 | D:5      | Reached skill level 8 in Axes
  4047 | D:5      | Reached skill level 5 in Dodging
  4047 | D:5      | Reached XP level 8. HP: 59/70 MP: 7/7
  4258 | D:5      | Got a faintly glowing scimitar
  4259 | D:5      | Identified the +2 scimitar "Juxisch" {distort, Dex+5 SInv} (You found it on level 5 of the Dungeon)
  4515 | D:5      | Reached *** piety under Trog
  4727 | D:5      | Found a staircase to the Ecumenical Temple.
  5057 | D:6      | Found a sparkling altar of Nemelex Xobeh.
  5147 | D:6      | Reached skill level 9 in Axes
  5466 | D:7      | Reached XP level 9. HP: 21/79 MP: 8/8
  5481 | D:7      | HP: 2/118 [killer bee (6)]
  5482 | D:7      | Slain by a killer bee

Vault maps used:
D:1:      lightli_arrival_isolated_outpost, minmay_lizard_king
D:2:      xom_teletrap_fun, first_ration, minmay_curled_crystal,
          minmay_pentomino_s2
D:3:      gammafunk_temple_overflow_forgotten, grunt_dithmenos_smoke,
          uniq_grinder
D:4:      kennysheep_little_box
D:5:      minmay_temple_entry_nine_rooms
D:6:      nemelex_xobeh_ov_fountains_minmay, grunt_ministairs_3
D:7:      serial_shops, shop, minmay_liquid_box, grunt_ogre_cave, uniq_pikel

Skill      XL: |  1  2  3  4  5  6  7  8 |
---------------+-------------------------+-----
Axes           | 4 5 6 8 9 |  9.6
Fighting       | 4 5 6 7 |  7.2
Armour         | 3 4 5 6 |  6.7
Dodging        | 3 4 5 6 |  6.0

Action                   |  1- 3 |  4- 6 |  7- 9 || total
-------------------------+-------+-------+-------++-------
Melee: Hand axe          |    76 |    94 |   179 ||   349
       Headbutt          |    12 |    16 |    29 ||    57
       Scimitar          |       |       |    14 ||    14
Invok: Berserk           |       |     2 |     3 ||     5
       Trog's Hand       |       |     2 |     3 ||     5
Evoke: Wand              |       |       |     7 ||     7
  Use: Scroll            |     1 |       |       ||     1
       Potion            |       |       |     2 ||     2
 Stab: Sleeping          |     1 |     1 |       ||     2
  Eat: Chunk             |     2 |     5 |    10 ||    17
       Ration            |       |     1 |     1 ||     2
Armor: Animal skin       |    20 |     8 |       ||    28
       Leather armour    |       |     3 |     3 ||     6
       Chain mail        |       |       |    84 ||    84
       Skin              |       |       |     5 ||     5
Dodge: Dodged            |    50 |    56 |   107 ||   213
       Rpst.: Scimitar   |       |       |     1 ||     1

Table legend:
 A = Spawn XP
 B = Non-spawn XP
 C = Spawn XP percentage of total XP
 D = Spawn monster count
 E = Non-spawn monster count
 F = Spawn count percentage of total count
 G = Total turns spent on level
                    A         B        C        D         E        F      G
               +---------+---------+-------+---------+---------+-------+---------
         Total |       0 |    2804 |   0.0 |       0 |     115 |   0.0 |  5482
               +---------+---------+-------+---------+---------+-------+---------
           D:1 |       0 |      28 |   0.0 |       0 |      20 |   0.0 |   871
           D:2 |       0 |     100 |   0.0 |       0 |      20 |   0.0 |   952
           D:3 |       0 |     269 |   0.0 |       0 |       7 |   0.0 |   695
           D:4 |       0 |     538 |   0.0 |       0 |      23 |   0.0 |  1193
           D:5 |       0 |     926 |   0.0 |       0 |      22 |   0.0 |  1078
           D:6 |       0 |     585 |   0.0 |       0 |      17 |   0.0 |   612
           D:7 |       0 |     358 |   0.0 |       0 |       6 |   0.0 |    81
               +---------+---------+-------+---------+---------+-------+---------
